Description

This is a game from GunGFuBanDa against Clem.

This build order in really easy to execute. He is designed safe and macro oriented. There is many scout timing and you can adapt to your opponent all game long.

The goal is to do a Colossus opening into zealot / Archon /distruptor.

This build can be done in all league. It's design to be really strong in defense and works against every kind of Terran build order (cheese, all-in macro).

Every details are in the video.

VOD

https://youtu.be/4GM2c0aJNoM

Replay - GunGFuBanDa v LiquidClem - Nightshade LE

Build Order

Get SALT Encoding   

  12  0:00  Probe  
  13  0:12  Probe  
  14  0:16  Pylon  
  14  0:24  Probe  
  15  0:38  Probe (Chrono Boost)  
  15  0:41  Gateway  
  16  0:47  Probe (Chrono Boost)  
  16  0:48  Assimilator  
  17  0:53  Probe  
  18  1:05  Probe  
  19  1:25  Nexus  
  19  1:32  Cybernetics Core  
  19  1:34  Probe  
  19  1:39  Assimilator  
  20  1:46  Probe  
  21  1:50  Pylon  
  21  1:58  Probe  
  22  2:06  Adept (Chrono Boost)  
  22  2:09  Warp Gate  
  25  2:28  Stalker (Chrono Boost)  
  29  2:46  Robotics Facility  
  29  2:51  Sentry (Chrono Boost)  
  37  3:15  Stalker  
  40  3:22  Gateway  
  41  3:27  Gateway  
  42  3:34  Observer, Pylon  
  45  3:45  Pylon  
  45  3:53  Assimilator x2  
  47  3:59  Observer  
  47  4:01  Stalker  
  54  4:23  Robotics Bay  
  57  4:41  Nexus  
  60  5:03  Shield Battery  
  60  5:06  Colossus (Chrono Boost)  
  62  5:08  Forge  
  69  5:17  Extended Thermal Lance  
  69  5:20  Stalker  
  72  5:26  Stalker  
  76  5:36  Protoss Ground Weapons Level 1 (Chrono Boost)  
  78  5:43  Twilight Council  
  78  5:44  Shield Battery  
  78  5:46  Observer  
  79  5:50  Colossus (Chrono Boost)  
  85  6:02  Sentry x2  
  85  6:03  Zealot  
  95  6:12  Charge (Chrono Boost)  
  97  6:19  Gateway x2  
  97  6:24  Gateway x2  
  97  6:31  Gateway  
  97  6:42  Colossus  
  106  6:55  Assimilator x2  
  106  7:04  Templar Archives  
  106  7:07  Zealot x3  
  112  7:20  Zealot x3  
  112  7:22  Photon Cannon  
  119  7:27  Protoss Ground Weapons Level 2 (Chrono Boost)  
  119  7:28  Blink (Chrono Boost)  
  119  7:32  Zealot x3  
  129  7:41  Disruptor  
  142  8:01  High Templar  
  142  8:15  Warp Prism  
  136  8:23  High Templar  
  142  8:36  Nexus, Gateway  
  142  8:38  Forge  
  142  8:40  Archon  
  143  8:50  Disruptor (Chrono Boost)  
  143  8:54  Stalker x4  
  151  9:22  Protoss Ground Armor Level 1 (Chrono Boost)  
  151  9:23  Disruptor (Chrono Boost)  
  168  9:39  High Templar x6  
  168  9:44  Archon x3  
  180  9:47  Assimilator  
  180  9:53  Dark Shrine  
  180  9:58  Warp Prism  
Spawning Tool Build Advisor. Get it on Overwolf

Go to:

Details

  • Created by: zuka      
  • Published on: Apr 27, 2020
  • Modified on: Jun 24, 2020
  • Patch: 4.11.0
  • Difficulty: Medium
Show
View Real Time Build Order
Export as new Build Order

Comments (3)

On June 21, 2020, 7:07 p.m., janpol8  said:

I've made a copy of this BO and fixed the 2x pylon thing.

On May 7, 2020, 6:47 a.m., GuitarKing  said:

Pylon x2 is a mistake because Gungfu failed his wall. Normal opening, just standart one gate expand

On May 7, 2020, 6:47 a.m., GuitarKing  said:

Pylon x2 is a mistake because Gungfu failed his wall. Normal opening, just standart one gate expand

Create an account to comment!